 Dungeon Crawl Stone Soup version 0.22-a0-307-g2b15929 (webtiles) character file.

201 xccam the Chopper (level 6, -2/47 HPs)
             Began as a Formicid Fighter on Apr 1, 2018.
             Killed from afar by an orc wizard (5 damage)
             ... with a magic dart
             ... on level 3 of the Dungeon.
             The game lasted 00:04:04 (1625 turns).

xccam the Chopper (Formicid Fighter)                Turns: 1625, Time: 00:04:05

Health: -2/47      AC:  6    Str: 28    XL:     6   Next: 7%
Magic:  6/6        EV:  8    Int:  9    God:
Gold:   200        SH: 10    Dex: 10    Spells: 5/5 levels left

rFire    . . .     SeeInvis +   a - +1 war axe
rCold    . . .     Gourm    .   c - +0 shield
rNeg     . . .     Faith    .   b - +0 scale mail
rPois    .         Spirit   .   (helmet unavailable)
rElec    .         Reflect  .   (no cloak)
rCorr    .         Harm     .   (no gloves)
MR       .....                  (no boots)
Stlth    ..........             (no amulet)
HPRegen  0.15/turn              q - +2 ring of intelligence
MPRegen  0.10/turn              (no ring)

@: mighty
A: permanent stasis, dig shafts and tunnels, four strong arms, antennae 3
a: Dig, Shaft Self


You were on level 3 of the Dungeon.
You were not hungry.

You visited 1 branch of the dungeon, and saw 3 of its levels.

You collected 200 gold pieces.

Inventory:

Hand Weapons
 a - a +1 war axe (weapon)
Armour
 b - a +0 scale mail (worn)
 c - a +0 shield (worn)
Jewellery
 j - a cursed ring of teleportation {unknown}
 q - a +2 ring of intelligence (left hand)
Scrolls
 e - 2 scrolls of teleportation {unknown}
 g - a scroll of enchant armour {unknown}
 h - a scroll of identify {unknown}
 i - a scroll of magic mapping {unknown}
Potions
 d - a potion of might
 l - a potion of ambrosia {unknown}
 m - a potion of magic {unknown}
 n - a potion of degeneration {unknown}
 p - a potion of heal wounds {unknown}
 s - a potion of agility {unknown}
Comestibles
 f - 6 rations
 r - 7 chunks of flesh


   Skills:
 - Level 3.2 Fighting
 + Level 5.8 Axes
 - Level 3.2 Armour
 - Level 3.6 Shields


You had 5 spell levels left.
You didn't know any spells.

Dungeon Overview and Level Annotations

Branches:
Dungeon (3/15)

Altars:
Ashenzari
Nemelex Xobeh
Uskayaw
Wu Jian


Innate Abilities, Weirdness & Mutations

You cannot be hasted, slowed, berserked, paralysed or teleported.
You can dig through walls and to a lower floor.
Your four strong arms can wield two-handed weapons with a shield.
You have a pair of large antennae on your head. (SInv)


Message History

The orc hits you with a morningstar!
* * * LOW HITPOINT WARNING * * *
The orc wizard hits you but does no damage.
You hit the orc wizard.
The orc wizard is severely wounded.
You closely miss the orc. You slash the orc!
You kill the orc!
The orc wizard barely misses you. You block the orc's attack.
Unknown command.
You hit the orc wizard.
The orc wizard is severely wounded.
Your scale mail prevents you from hitting the orc.
The orc wizard hits you with a dagger.
* * * LOW HITPOINT WARNING * * *
You block the orc's attack.
Unknown command.
You feel very mighty all of a sudden. The orc wizard casts a spell at you.
The magic dart hits you!
You die...

###....# #. ..
#......# #.#
#.###..%...# #.#
#......_... #.#
#..#......
#.########..#.....
#...........#..o)#
..........>.####@#
...#######......o#
.รท.### #>......#
[..).# #.#######
...#.# #.#
...#.#####.#
.[.........#
############


You could see an orc wizard and an orc.

Vanquished Creatures
  A bullfrog (D:3)
  Robin (D:2)
  An adder (D:3)
  3 gnolls (D:3)
  A worm (D:2)
  A dart slug (D:2)
  6 orcs (D:3)
  4 ball pythons
  7 bats
  A giant cockroach (D:2)
  14 goblins
  8 hobgoblins
  7 jackals
  A quokka (D:2)
  6 frilled lizards
  8 kobolds
  3 rats (D:1)
73 creatures vanquished.

Notes
Turn   | Place    | Note
-------+----------+-------------------------------------------
     0 | D:1      | xccam the Formicid Fighter began the quest for the Orb.
     0 | D:1      | Reached XP level 1. HP: 18/18 MP: 1/1
   138 | D:1      | Reached XP level 2. HP: 23/24 MP: 2/2
   236 | D:1      | Reached skill level 3 in Axes
   440 | D:1      | Reached XP level 3. HP: 29/29 MP: 3/3
   874 | D:2      | Found a shattered altar of Ashenzari.
   946 | D:2      | Noticed Robin
   952 | D:2      | Killed Robin
   963 | D:2      | Reached skill level 4 in Axes
   963 | D:2      | Reached XP level 4. HP: 25/35 MP: 4/4
  1359 | D:3      | Found a hide-covered altar of Uskayaw.
  1487 | D:3      | Found an ornate altar of the Wu Jian Council.
  1510 | D:3      | Reached XP level 5. HP: 39/41 MP: 5/5
  1513 | D:3      | Found a faded altar of an unknown god.
  1529 | D:3      | Reached skill level 5 in Axes
  1603 | D:3      | Found a sparkling altar of Nemelex Xobeh.
  1603 | D:3      | Noticed a bullfrog
  1620 | D:3      | Killed a bullfrog
  1620 | D:3      | Reached XP level 6. HP: 12/47 MP: 6/6
  1625 | D:3      | Killed from afar by an orc wizard

Vault maps used:
D:1:      minmay_arrival_checkered_box
D:2:      lemuel_doored_altar, uniq_robin
D:3:      eat_drink_and_be_merry_uskayaw, nicolae_overflow_crystal_walls,
          lemuel_crystal_altar, kennysheep_slug_shrine,
          chequers_ecumenical_altar_simple_redux, uniq_grinder

Skill      XL: |  1  2  3  4  5 |
---------------+----------------+-----
Axes           | 3 4 5 |  5.8
Fighting       | |  3.2
Armour         | |  3.2
Shields        | |  3.6

Action                   |  1- 3 |  4- 6 || total
-------------------------+-------+-------++-------
Melee: War axe           |    84 |   122 ||   206
  Use: Scroll            |     4 |     2 ||     6
       Potion            |       |     1 ||     1
  Eat: Chunk             |       |     3 ||     3
Armor: Scale mail        |    31 |    57 ||    88
Dodge: Dodged            |    33 |    51 ||    84
Block: Shield            |    47 |    76 ||   123

Table legend:
 A = Spawn XP
 B = Non-spawn XP
 C = Spawn XP percentage of total XP
 D = Spawn monster count
 E = Non-spawn monster count
 F = Spawn count percentage of total count
 G = Total turns spent on level
                    A         B        C        D         E        F      G
               +---------+---------+-------+---------+---------+-------+---------
         Total |       0 |     288 |   0.0 |       0 |      73 |   0.0 |  1625
               +---------+---------+-------+---------+---------+-------+---------
           D:1 |       0 |      33 |   0.0 |       0 |      22 |   0.0 |   746
           D:2 |       0 |      67 |   0.0 |       0 |      27 |   0.0 |   607
           D:3 |       0 |     188 |   0.0 |       0 |      24 |   0.0 |   272
               +---------+---------+-------+---------+---------+-------+---------
